 Dungeon Crawl Stone Soup version 0.23-a0-310-gdcc7a32 (webtiles) character file.

122 Ijustatesigmund the Conjurer (level 5, -3/31 HPs)
             Began as an Octopode Wizard on Oct 12, 2018.
             Slain by a centaur (4 damage)
             ... on level 3 of the Dungeon.
             The game lasted 00:07:09 (3364 turns).

Ijustatesigmund the Conjurer (Octopode Wizard)      Turns: 3364, Time: 00:07:09

Health: -3/31      AC:  3    Str:  6    XL:     5   Next: 6%
Magic:  3/9        EV: 14    Int: 20    God:
Gold:   162        SH:  0    Dex: 17    Spells: 4/10 levels left

rFire    . . .     SeeInvis .   b - +0 short sword
rCold    . . .     Gourm    .   (no shield)
rNeg     . . .     Faith    .   a - +2 hat
rPois    .         Spirit   .   (no amulet)
rElec    .         Reflect  .   o - +5 ring of dexterity
rCorr    .         Harm     .   (no ring)
MR       .....                  (no ring)
Stlth    +++.......             (no ring)
HPRegen  0.10/turn              (no ring)
MPRegen  0.11/turn              (no ring)
                                (no ring)
                                (no ring)

@: very slightly contaminated
A: almost no armour, stealthy swim, amphibious, 8 rings, constrict 8, camouflage
1, gelatinous body 1
a: no special abilities


You were on level 3 of the Dungeon.
You were not hungry.

You visited 1 branch of the dungeon, and saw 3 of its levels.

You collected 162 gold pieces.

Inventory:

Hand Weapons
 b - a +0 short sword (weapon)
Armour
 a - a +2 hat (worn)
 g - a +0 shield
Jewellery
 o - a +5 ring of dexterity (left tentacle)
Wands
 k - a wand of paralysis (16)
Scrolls
 m - a scroll of remove curse
Potions
 d - 2 potions of curing
 f - a potion of resistance
 h - a potion of lignification {unknown}
 i - a potion of magic {unknown}
 j - a potion of ambrosia {unknown}
 l - a potion of berserk rage {unknown}
Comestibles
 c - 8 rations


   Skills:
 - Level 2.0 Dodging
 - Level 2.6 Stealth
 - Level 3.0 Spellcasting
 - Level 3.5 Conjurations
   Level 1.0 Summonings
 - Level 2.9 Translocations
 + Level 0.2 Air Magic
 + Level 0.2 Poison Magic


You had 4 spell levels left.
You knew the following spells:

 Your Spells              Type           Power        Failure   Level  Hunger
a - Magic Dart            Conj           ###.         3%          1    None
b - Blink                 Tloc           N/A          6%          2    ##.....
c - Mephitic Cloud        Conj/Pois/Air  #.......     24%         3    ###....

Your spell library contained the following spells:

 Spells                   Type           Power        Failure   Level  Hunger
 Call Imp                 Summ           #.......     14%         2    ##.....
 Conjure Flame            Conj/Fire      ##......     21%         3    ###....
 Slow                     Hex            #.......     22%         2    ##.....


Dungeon Overview and Level Annotations

Branches:
Dungeon (3/15)

Altars:
Ashenzari
Vehumet
Xom


Innate Abilities, Weirdness & Mutations

You cannot wear most types of armour.
You are very stealthy in the water. (Stealth+)
You are amphibious.
You can wear up to eight rings at the same time.
You can use your tentacles to constrict eight enemies at once.
Your skin changes colour to match your surroundings (Stealth+).
Your rubbery body absorbs attacks. (AC +1, EV +1)


Message History

The centaur hits you. x2
* * * LOW HITPOINT WARNING * * *
Casting: Magic Dart (safe; 3% risk of failure)
Confirm with . or Enter, or press ? or * to list all spells.
Aiming: Magic Dart (safe; 3% risk of failure)
Press: ? - help, Shift-Dir - straight line, f/p - centaur
Aim: a centaur (severely wounded)
The magic dart hits the centaur.
The centaur is severely wounded.
The centaur hits you!
* * * LOW HITPOINT WARNING * * *
Casting: Magic Dart (safe; 3% risk of failure)
Confirm with . or Enter, or press ? or * to list all spells.
Aiming: Magic Dart (safe; 3% risk of failure)
Press: ? - help, Shift-Dir - straight line, f/p - centaur
Aim: a centaur (severely wounded)
The magic dart hits the centaur.
The centaur is almost dead.
The centaur hits you.
You die...

#### ############## ...########
#.@..........#
...[...........c.....#####.#
...##########...####.#####.#####
#.## ######..................#
#.# #........# .#.#####.#.#.##
#.# #.######.##.#.# #......† #.#
#.# #. # ..# #.#.#.## ..######.#
#. .## #.#.#.## .........#
#.#.#.##


You could see a centaur.

Vanquished Creatures
  Natasha (D:3)
  An adder (D:3)
  4 gnolls
  2 worms (D:3)
  A dart slug (D:2)
  3 leopard geckos
  An orc (D:3)
  4 bats
  A giant cockroach (D:1)
  3 goblins
  3 hobgoblins
  A quokka (D:2)
  5 frilled lizards
  6 kobolds
  7 rats
43 creatures vanquished.

Notes
Turn   | Place    | Note
-------+----------+-------------------------------------------
     0 | D:1      | Ijustatesigmund the Octopode Wizard began the quest for the
                  | Orb.
     0 | D:1      | Reached XP level 1. HP: 11/11 MP: 4/4
   516 | D:1      | Reached XP level 2. HP: 17/17 MP: 0/6
   520 | D:1      | Learned a level 2 spell: Blink
  1730 | D:2      | Found a shattered altar of Ashenzari.
  1773 | D:2      | Reached XP level 3. HP: 21/21 MP: 4/7
  1826 | D:2      | Learned a level 3 spell: Mephitic Cloud
  2075 | D:2      | Found a radiant altar of Vehumet.
  2735 | D:2      | HP: 1/21 [gnoll (9)]
  2840 | D:3      | Reached XP level 4. HP: 9/27 MP: 2/8
  2858 | D:3      | Noticed a centaur
  2952 | D:3      | Found a shimmering altar of Xom.
  3063 | D:3      | Noticed Natasha
  3078 | D:3      | Killed Natasha
  3179 | D:3      | Reached XP level 5. HP: 30/31 MP: 0/9
  3363 | D:3      | HP: 1/31 [centaur (7)]
  3364 | D:3      | Slain by a centaur

Vault maps used:
D:1:      eino_arrival_water_star, serial_forest,
          infiniplex_forest_clump_curved, infiniplex_forest_end_1,
          infiniplex_forest_clump_medium, infiniplex_forest_clump_medium,
          infiniplex_forest_lined_room_2, infiniplex_forest_straight_2,
          infiniplex_forest_corner_1, infiniplex_forest_side_room,
          infiniplex_forest_end_1
D:2:      vehumet_crystals, ashenzari_altar_1
D:3:      nicolae_overflow_crystal_walls, portal_sewer_entry_f, uniq_natasha

Skill      XL: |  1  2  3 |
---------------+----------+-----
Conjurations   | 2 3 |  3.5
Translocations | 2 |  2.9
Dodging        | |  2.0
Stealth        | |  2.6
Spellcasting   | |  3.0
Summonings     | |  1.0
Air Magic      | |  0.2
Poison Magic   | |  0.2

Action                   |  1- 3 |  4- 6 || total
-------------------------+-------+-------++-------
Melee: Unarmed           |    10 |       ||    10
       Constrict         |     4 |     6 ||    10
       Tentacles         |     3 |     9 ||    12
       Short sword       |     8 |    27 ||    35
 Cast: Magic Dart        |    70 |    45 ||   115
  Use: Scroll            |     8 |     3 ||    11
       Potion            |     1 |     1 ||     2
 Stab: Sleeping          |       |     1 ||     1
  Eat: Ration            |     1 |       ||     1
       Chunk             |     2 |     2 ||     4
Armor: Skin              |     3 |       ||     3
Dodge: Dodged            |    23 |    30 ||    53

Table legend:
 A = Non-vault XP
 B = Vault XP
 C = Vault XP percentage of total XP
 D = Non-vault monster count
 E = Vault monster count
 F = Vault count percentage of total count
                 A         B        C        D         E       F
            +---------+---------+-------+---------+---------+-------
      Total |     139 |      36 |  20.6 |      42 |       1 |   2.3
            +---------+---------+-------+---------+---------+-------
        D:1 |      29 |       0 |   0.0 |      17 |       0 |   0.0
        D:2 |      45 |       0 |   0.0 |      12 |       0 |   0.0
        D:3 |      65 |      36 |  35.6 |      13 |       1 |   7.1
            +---------+---------+-------+---------+---------+-------
